 Dungeon Crawl Stone Soup version 0.28-a0-95-g65e1ffefe4 (webtiles) character file.

Game seed: 10617901598638471081

38 Anathary the Chopper (level 3, 0/29 HPs)
             Began as a Demonspawn Berserker on Aug 8, 2021.
             Was a Follower of Trog.
             Killed from afar by Natasha (10 damage)
             ... with a magic dart
             ... on level 2 of the Dungeon.
             The game lasted 00:03:27 (1483 turns).

Anathary the Chopper (Demonspawn Berserker)         Turns: 1483, Time: 00:03:28

Health: 0/29       AC:  5    Str: 18    XL:     3   Next: 25%
Magic:  3/3        EV: 11    Int:  8    God:    Trog [*.....]
Gold:   47         SH:  0    Dex: 12    Spells: 2/2 levels left

rFire   . . .      SeeInvis .   a - +0 hand axe
rCold   . . .      Faith    .   (no shield)
rNeg    . . .      Spirit   .   d - +0 ring mail
rPois   .          Reflect  .   (no helmet)
rElec   .          Harm     .   (no cloak)
rCorr   .          Rampage  .   (no gloves)
Will    .....                   (no boots)
Stlth   +.........              (no amulet)
HPRegen 0.09/turn               (no ring)
MPRegen 0.08/turn               (no ring)

@: slowed, very slow
A: talons 1
a: Renounce Religion, Berserk


You were on level 2 of the Dungeon.
You worshipped Trog.
Trog was aware of your devotion.
You visited 1 branch of the dungeon, and saw 2 of its levels.

You collected 47 gold pieces.

Inventory:

Hand Weapons
 a - a +0 hand axe (weapon)
Armour
 d - a +0 ring mail (worn)
Jewellery
 g - a ring of protection from cold
Scrolls
 c - a scroll of immolation {unknown}
 h - a scroll of noise {unknown}
Potions
 b - 2 potions of flight {unknown}
 e - a potion of curing {unknown}
 f - a potion of might {unknown}


   Skills:
 + Level 3.2 Fighting
 + Level 3.4 Axes
 + Level 2.0 Armour
 + Level 2.1 Dodging


You had 2 spell levels left.
You didn't know any spells.
Your spell library contained the following spells:

 Spells                   Type           Power      Damage    Failure   Level
 Beastly Appendage        Tmut           0%         N/A       58%         1
 Wereblood                Tmut           0%         N/A       75%         2
 Spider Form              Tmut/Pois      0%         N/A       92%         3


Dungeon Overview and Level Annotations

Branches:
Dungeon (2/15)

Altars:

Annotations:
D:2 Natasha


Innate Abilities, Weirdness & Mutations

You have sharp toenails.


Message History

You feel yourself slow down.
Natasha mumbles some strange words.
The crimson imp completely misses you.
Natasha extends her claws.
You hit the crimson imp but do no damage.
You claw the crimson imp!
The crimson imp is heavily wounded.
The crimson imp misses you.
The crimson imp blinks!
You hit Natasha.
Natasha is moderately wounded.
Natasha completely misses you. Natasha closely misses you.
You barely miss Natasha.
Natasha is lightly wounded.
Natasha claws you but does no damage.
You barely miss Natasha.
Natasha is lightly wounded.
Natasha wildly gestures.
Natasha shimmers violently.
Natasha barely misses you.
Natasha stares at you and mumbles some strange words.
The magic dart hits you!
You miss Natasha. You claw Natasha.
Natasha is moderately wounded.
Natasha claws you. Natasha misses you.
You hit Natasha.
Natasha is severely wounded.
Natasha casts a spell at you. The magic dart hits you.
You barely miss Natasha. Your kick misses Natasha.
Natasha is severely wounded.
The crimson imp disappears in a puff of smoke!
Natasha casts a spell.
Natasha claws you but does no damage.
You hit Natasha but do no damage. Your kick misses Natasha.
Natasha is severely wounded.
Natasha howls an incantation.
Natasha glows brightly for a moment.
Natasha casts a spell at you. The magic dart hits you!
You die...

#############
#>.@h55......
#.####5......
#.# .......
#.# .......
#.# .......
#.###........
#............
#.)##########
#..####


You could see Natasha, a white imp (summoned) and 2 shadow imps.

Vanquished Creatures
  An adder (D:2)
  A worm (D:2)
  4 ball pythons (D:1)
  An endoplasm (D:2)
  A giant cockroach (D:1)
  3 kobolds
  A quokka (D:1)
  4 bats (D:1)
  4 frilled lizards
  3 goblins
  2 rats (D:1)
25 creatures vanquished.

Notes
Turn   | Place    | Note
-------+----------+-------------------------------------------
     0 | D:1      | Anathary the Demonspawn Berserker began the quest for the
                  | Orb.
     0 | D:1      | Reached XP level 1. HP: 18/18 MP: 1/1
   389 | D:1      | Found a faded altar of an unknown god.
   509 | D:1      | Gained mutation: You have sharp toenails. [demonic
                  | ancestry]
   509 | D:1      | Reached XP level 2. HP: 24/24 MP: 2/2
  1403 | D:2      | Reached XP level 3. HP: 28/29 MP: 3/3
  1469 | D:2      | Noticed Natasha
  1483 | D:2      | Killed from afar by Natasha

Illustrated notes

Levels and vault maps discovered:
D:1:      dpeg_arrival_solitude, layout_basic, shapermc_ecumenical_altar_venn,
          chequers_avenue
D:2:      layout_basic, minmay_misc_feat_doors, uniq_natasha

Skill      XL: |  1  2 |
---------------+-------+-----
Axes           | 3 |  3.4
Dodging        | 2 |  2.1
Armour         | 2 |  2.0
Fighting       | |  3.2

Action                   || total
-------------------------++-------
Melee: Hand axe          ||    70
       Kick              ||    10
 Stab: Sleeping          ||     1
Armor: Ring mail         ||    16
       Animal skin       ||     3
Dodge: Dodged            ||    53

Table legend: (Time is in decaauts)
 A = Elapsed time spent in this place.
 B = Non-inter-level travel time spent in this place.
 C = Inter-level travel time spent in this place.
 D = Time resting spent in this place.
 E = Time spent auto-exploring this place.
 F = Levels seen in this place.
 G = Mean time per level.
                   A        B        C        D        E       F      G
               +--------+--------+--------+--------+--------+-----+--------+
         Total |   1497 |   1462 |     35 |    314 |    756 |   2 |  748.5 |
       Dungeon |   1497 |   1462 |     35 |    314 |    756 |   2 |  748.5 |
               +--------+--------+--------+--------+--------+-----+--------+

Top non-repeatable levels by time:
     D:1: 1358 daAuts
     D:2: 139 daAuts
